 Dungeon Crawl Stone Soup version 0.27.1-1-g398f81649c (webtiles) character file.

Game seed: 8366216953760066602

95 ZARRMARR the Conjurer (level 4, -2/43 HPs)
             Began as an Octopode Conjurer on Sept 11, 2021.
             Killed from afar by Ijyb (8 damage)
             ... with a puff of flame
             ... on level 3 of the Dungeon.
             The game lasted 00:04:51 (3507 turns).

ZARRMARR the Conjurer (Octopode Conjurer)           Turns: 3507, Time: 00:04:51

Health: -2/43      AC:  1    Str:  6    XL:     4   Next: 65%
Magic:  4/7        EV: 13    Int: 21    God:
Gold:   139        SH:  0    Dex: 10    Spells: 6/7 levels left

rFire    . . .     SeeInvis .   (no weapon)
rCold    . . .     Faith    .   (no shield)
rNeg     . . .     Spirit   .   (helmet restricted)
rPois    .         Reflect  .   (no amulet)
rElec    .         Harm     .   (no ring)
rCorr    .         Rampage  .   (no ring)
Will     .....                  (no ring)
Stlth    ..........             (no ring)
HPRegen  0.14/turn              (no ring)
MPRegen  0.10/turn              (no ring)
                                (no ring)
                                (no ring)

@: berserking, very quick
A: almost no armour, amphibious, 8 rings, camouflage 1, gelatinous body 1,
(nimble swimmer 1), tentacles
a: no special abilities


You were on level 3 of the Dungeon.
You visited 1 branch of the dungeon, and saw 4 of its levels.

You collected 139 gold pieces.

Inventory:

Wands
 a - a wand of paralysis (10)
Scrolls
 c - a scroll of blinking
 e - a scroll of amnesia
 f - a scroll of enchant weapon
Potions
 b - 3 potions of curing
 d - a potion of berserk rage
 g - a potion of brilliance {unknown}
 h - a potion of invisibility {unknown}


   Skills:
 + Level 1.8 Fighting
 + Level 2.9 Dodging
 + Level 4.1 Stealth
 - Level 2.2 Spellcasting
 - Level 4.2 Conjurations
 + Level 0.5 Evocations


You had 6 spell levels left.
You knew the following spells:

 Your Spells              Type           Power      Damage    Failure   Level
a - Magic Dart            Conj           80%        1d7       2%          1

Your spell library contained the following spells:

 Spells                   Type           Power      Damage    Failure   Level
 Searing Ray              Conj           40%        3d4       3%          2
 Dazzling Flash           Conj/Hex       22%        N/A       19%         3
 Fulminant Prism          Conj/Hex       5%         3d7       52%         4
 Iskenderun's Mystic Bla  Conj/Tloc      11%        2d4       52%         4


Dungeon Overview and Level Annotations

Branches:
Dungeon (4/15)
 Temple: D:4-7

Altars:
The Shining One

Shops:
D:1 !

Annotations:
D:3 Ijyb


Innate Abilities, Weirdness & Mutations

You cannot wear most types of armour.
You are amphibious.
You can wear up to eight rings at the same time.
Your skin changes colour to match your surroundings (Stealth+).
Your rubbery body absorbs attacks. (AC +1, EV +1)
((You are camouflaged near water. (Stealth+)))
You have tentacles for arms and can constrict up to eight enemies at once.


Message History

You miss Ijyb. Your grab misses Ijyb.
Ijyb hits you with a +2 dagger of protection.
You closely miss Ijyb. You grab Ijyb. You constrict Ijyb, but do no damage.
Ijyb hits you with a +2 dagger of protection.
You barely miss Ijyb. You constrict Ijyb, but do no damage.
Ijyb hits you with a +2 dagger of protection.
You tentacle-slap Ijyb but do no damage.
You constrict Ijyb, but do no damage.
Ijyb zaps a wand.
The puff of flame misses you.
You tentacle-slap Ijyb but do no damage.
You constrict Ijyb, but do no damage.
Ijyb hits you with a +2 dagger of protection.
You tentacle-slap Ijyb but do no damage.
You constrict Ijyb, but do no damage. Ijyb closely misses you.
You tentacle-slap Ijyb but do no damage.
You squeeze Ijyb.
Ijyb is lightly wounded.
You constrict Ijyb, but do no damage. Ijyb barely misses you.
You tentacle-slap Ijyb but do no damage.
Ijyb is lightly wounded.
You constrict Ijyb, but do no damage.
Ijyb hits you with a +2 dagger of protection.
* * * LOW HITPOINT WARNING * * *
It was a potion of curing.
You feel better.
You constrict Ijyb, but do no damage. Ijyb barely misses you.
Casting: Magic Dart (safe; 2% risk of failure)
Confirm with . or Enter, or press ? or * to list all spells.
Aiming: Magic Dart (safe; 2% risk of failure)
Press: ? - help, Shift-Dir - straight line, f - Ijyb
Aim: Ijyb, wielding a +2 dagger of protection, wearing a +0 leather armour and carrying a wand of flame (22) (lightly wounded, constricted by you, 100% to hit)
The magic dart hits Ijyb but does no damage.
Ijyb is lightly wounded.
You constrict Ijyb.
Ijyb zaps a wand.
The puff of flame hits you!
* * * LOW HITPOINT WARNING * * *
It was a potion of berserk rage.
A red film seems to cover your vision as you go berserk!
You feel yourself moving faster!
You feel mighty!
You constrict Ijyb, but do no damage.
Ijyb zaps a wand.
The puff of flame hits you!
You die...

#.#....................
#.#.###.#########.####.
#.#.# #.# #.# #. #.#.#
#.# #.# ##. #.#.###.#
#.###.. #.......#
#.#.... ###.#####
##.....# #.#######
#..⌠..## #..g@...#
#......' #######.#
#...PP..
##.###.######...≈≈P.
##...##.##.......PP..
#.......##.#####....#
##...#####.### ######
##.## #...# #.# ###.#
#.# #.#


You could see Ijyb.

Vanquished Creatures
  5 adders
  A dart slug (D:1)
  3 orcs (D:3)
  2 endoplasms
  2 giant cockroaches (D:2)
  3 goblins
  5 hobgoblins
  4 jackals (D:3)
  A kobold (D:1)
  4 quokkas
  6 ball pythons
  2 bats
  3 frilled lizards
  4 rats
45 creatures vanquished.

Notes
Turn   | Place    | Note
-------+----------+-------------------------------------------
     0 | D:1      | ZARRMARR the Octopode Conjurer began the quest for the Orb.
     0 | D:1      | Reached XP level 1. HP: 11/11 MP: 3/3
   551 | D:1      | Reached XP level 2. HP: 17/17 MP: 3/5
   618 | D:1      | Found Lousojin's Distillery.
  1122 | D:1      | Found a faded altar of an unknown god.
  1248 | D:2      | Reached XP level 3. HP: 20/22 MP: 2/6
  1265 | D:2      | Reached skill level 1 in Fighting
  1903 | D:2      | Reached XP level 4. HP: 26/28 MP: 1/7
  3278 | D:3      | Found a glowing golden altar of the Shining One.
  3488 | D:4      | Noticed Ijyb
  3493 | D:4      | Noticed a necrophage
  3507 | D:3      | Killed from afar by Ijyb

Illustrated notes

Levels and vault maps discovered:
D:1:      amcnicky_arrival_choice, layout_loops_corners,
          chequers_ecumenical_altar_simple, serial_shops,
          nicolae_shop_window_shopping
D:2:      layout_loops_ring
D:3:      layout_loops_ring, tso_oasis_becter
D:4:      layout_rooms, mainiacjoe_overflow_alcove_2,
          nicolae_inconvenience_store, kennysheep_pointless_box, uniq_ijyb

Skill      XL: |  1  2  3  4 |
---------------+-------------+-----
Stealth        | 3 4 |  4.1
Fighting       | 1 |  1.8
Dodging        | |  2.9
Spellcasting   | |  2.2
Conjurations   | |  4.2
Evocations     | |  0.5

Action                   |  1- 3 |  4- 6 || total
-------------------------+-------+-------++-------
Melee: Unarmed           |     9 |    21 ||    30
       Constrict         |     2 |     5 ||     7
       Tentacles         |     1 |     2 ||     3
 Cast: Magic Dart        |    51 |    39 ||    90
  Use: Scroll            |     1 |     2 ||     3
       Potion            |       |     2 ||     2
Armor: Skin              |     1 |     1 ||     2
Dodge: Dodged            |    12 |    13 ||    25
